 Dungeon Crawl Stone Soup version 0.21-a0-297-ga3d34c2 (webtiles) character file.

264 nono the Charmwright (level 6, 0/51 HPs)
             Began as a Gnoll Skald on Sept 28, 2017.
             Slain by an ogre
             ... wielding a +0 giant club
              (29 damage)
             ... on level 5 of the Dungeon.
             The game lasted 00:15:41 (3289 turns).

nono the Charmwright (Gnoll Skald)                  Turns: 3289, Time: 00:15:42

Health: 0/51       AC:  6    Str: 15    XL:     6   Next: 19%
Magic:  8/13       EV: 14    Int: 18    God:
Gold:   60         SH:  0    Dex: 14    Spells: 4/15 levels left

rFire    . . .     SeeInvis .   a - +1 dagger (venom)
rCold    . . .     Gourm    .   (no shield)
rNeg     . . .     Faith    .   s - +0 leather armour
rPois    .         Spirit   .   (no helmet)
rElec    .         Reflect  .   p - +1 cloak
rCorr    .         Harm     .   (no gloves)
MR       .....                  J - +0 pair of boots
Stlth    +.........             (no amulet)
HPRegen  0.17/turn              i - +2 ring of intelligence
MPRegen  0.13/turn              (no ring)

@: infused
A: distributed training, fangs 1, strong nose
a: no special abilities


You were on level 5 of the Dungeon.
You were not hungry.

You visited 1 branch of the dungeon, and saw 5 of its levels.

You collected 216 gold pieces.
You spent 156 gold pieces at shops.

Inventory:

Hand Weapons
 a - a +1 dagger of venom (weapon)
 b - a +0 shortbow
 l - a +0 hand axe
 x - a +0 broad axe
 B - a cursed -1 dagger
 F - a +0 mace
Missiles
 g - 127 stones (quivered)
 h - 49 poisoned needles
 n - 30 sling bullets
 t - 53 arrows
 C - 2 curare-tipped needles
Armour
 k - a +0 ring mail
 p - a +1 cloak (worn)
 r - a +0 chain mail
 s - a +0 leather armour (worn)
 A - a +0 large shield
 J - a +0 pair of boots (worn)
Jewellery
 i - a +2 ring of intelligence (left hand)
 q - an uncursed ring of protection from cold {unknown}
 v - an uncursed amulet of guardian spirit {unknown}
Scrolls
 e - 5 scrolls of teleportation {unknown}
 f - a scroll of enchant armour {unknown}
 j - 2 scrolls of identify {unknown}
 m - 3 scrolls of blinking {unknown}
 o - 2 scrolls of remove curse {unknown}
 u - 2 scrolls of recharging {unknown}
 y - a scroll of immolation {unknown}
 z - a scroll of amnesia {unknown}
 N - a scroll of random uselessness {unknown}
 O - a scroll of fear {unknown}
Potions
 D - a potion of brilliance {unknown}
 E - 2 potions of mutation {unknown}
 H - 2 potions of heal wounds
 I - a potion of curing
 K - a potion of magic {unknown}
 M - a potion of degeneration {unknown}
 P - a potion of haste {unknown}
Books
 c - a book of Battle

   Spells                             Type                      Level
   a - Infusion                       Charms                       1
   b - Shroud of Golubria             Charms/Translocation         2
   c - Song of Slaying                Charms                       2
   d - Spectral Weapon                Hexes/Charms                 3
   e - Regeneration                   Charms/Necromancy            3
Comestibles
 d - 3 bread rations
 w - a royal jelly
 G - 4 fruits
 L - 2 chunks of flesh


   Skills:
 + Level 5.3 Fighting
 + Level 2.0 Short Blades
 + Level 2.3 Long Blades
 + Level 1.3 Axes
 + Level 4.7 Maces & Flails
 + Level 2.0 Polearms
 + Level 1.7 Staves
 + Level 0.8 Slings
 + Level 0.8 Bows
 + Level 0.0 Crossbows
 + Level 2.3 Throwing
 + Level 3.1 Armour
 + Level 4.5 Dodging
 + Level 0.8 Stealth
   Level 0.0 Stabbing
 + Level 3.1 Shields
   Level 0.0 Traps
 + Level 0.0 Unarmed Combat
 + Level 5.2 Spellcasting
 + Level 1.7 Conjurations
 + Level 1.3 Hexes
 + Level 7.1 Charms
 + Level 0.8 Summonings
 + Level 2.3 Necromancy
 + Level 2.8 Translocations
 + Level 2.6 Transmutations
 + Level 0.8 Fire Magic
 + Level 1.3 Ice Magic
 + Level 2.3 Air Magic
 + Level 2.0 Earth Magic
 + Level 1.3 Poison Magic
 + Level 1.3 Invocations
 + Level 1.7 Evocations


You had 4 spell levels left.
You knew the following spells:

 Your Spells              Type           Power        Failure   Level  Hunger
a - Infusion              Chrm           ####         1%          1    None
b - Song of Slaying       Chrm           ####....     1%          2    #......
c - Shroud of Golubria    Chrm/Tloc      ###.......   3%          2    #......
d - Regeneration          Chrm/Necr      ###.......   7%          3    ##.....
e - Spectral Weapon       Hex/Chrm       ###.....     9%          3    ##.....


Dungeon Overview and Level Annotations

Branches:
Dungeon (5/15)
 Temple: D:4-7

Altars:
Gozag

Shops:
D:4 !


Innate Abilities, Weirdness & Mutations

Your experience applies equally to all skills.
You have very sharp teeth.
Your uncanny sense of smell can sniff out nearby items.


Message History

A howler monkey comes into view.
The howler monkey hoots and howls with incredible vigour!
You hear a shout! x2
The howler monkey hoots and howls with incredible vigour!
You hear a shout!
Casting: Infusion
Confirm with . or Enter, or press ? or * to list all spells.
Space distorts slightly along a thin shroud covering your body.
Casting: Shroud of Golubria
Confirm with . or Enter, or press ? or * to list all spells.
You begin infusing your attacks with magical energy.
The ogre hits you with a giant club!!
You hit the ogre!
The ogre is poisoned.
The ogre is moderately wounded.
The howler monkey hoots and howls with incredible vigour!
You hit the ogre!
The ogre is severely wounded.
The ogre hits you with a giant club!!
Ouch! That really hurt!
You die...

..........# #..........# #..
..#..........# #.#
...............## #.#
.......##.......# #.#
................# #.#
................# #.#
....#...........###.########.
..[.#........h.O@............
.....#+##.##########.########
....................>#
..................<#.#
...#.............###.#
.#.#.#.###.#####. #.# +...#.#
.# #.# #.###.# .# #.# #. #..
.# #.#


You could see an ogre and a howler monkey.

Vanquished Creatures
  An orc priest (D:4)
  2 orc wizards (D:4)
  A howler monkey skeleton (D:4)
  7 gnolls
  2 adders (D:3)
  An ooze (D:2)
  A worm (D:2)
  3 dart slugs
  5 orcs
  5 bats
  2 giant cockroaches
  7 goblins
  8 hobgoblins
  2 jackals (D:2)
  2 quokkas
  A ball python (D:2)
  4 frilled lizards
  9 kobolds
  8 rats
71 creatures vanquished.

Notes
Turn   | Place    | Note
-------+----------+-------------------------------------------
     0 | D:1      | nono the Gnoll Skald began the quest for the Orb.
     0 | D:1      | Reached XP level 1. HP: 20/20 MP: 6/6
   131 | D:1      | Reached skill level 1 in Short Blades
   131 | D:1      | Reached skill level 1 in Earth Magic
   131 | D:1      | Reached XP level 2. HP: 22/26 MP: 3/7
   190 | D:1      | Reached skill level 1 in Translocations
   210 | D:1      | Reached skill level 5 in Spellcasting
  1100 | D:2      | Reached skill level 1 in Necromancy
  1190 | D:2      | Reached XP level 3. HP: 31/31 MP: 6/9
  1245 | D:2      | Learned a level 2 spell: Song of Slaying
  1248 | D:2      | Learned a level 2 spell: Shroud of Golubria
  1385 | D:2      | Reached skill level 1 in Conjurations
  1573 | D:2      | Reached skill level 1 in Polearms
  1579 | D:2      | Reached skill level 1 in Staves
  1589 | D:2      | Reached skill level 5 in Fighting
  1589 | D:2      | Reached XP level 4. HP: 37/39 MP: 0/11
  1597 | D:2      | Reached skill level 7 in Charms
  1597 | D:2      | Reached skill level 1 in Air Magic
  1914 | D:2      | Reached skill level 1 in Shields
  2234 | D:3      | Reached skill level 1 in Long Blades
  2288 | D:3      | Reached XP level 5. HP: 44/44 MP: 6/12
  2294 | D:3      | Found a faded altar of an unknown god.
  2538 | D:3      | Reached skill level 1 in Poison Magic
  2776 | D:4      | Reached skill level 1 in Axes
  2776 | D:4      | Reached skill level 1 in Transmutations
  2801 | D:4      | Found Mathrot's Distillery.
  2809 | D:4      | Bought 2 potions of heal wounds for 120 gold pieces
  2809 | D:4      | Bought a potion of curing for 36 gold pieces
  2879 | D:4      | Reached skill level 1 in Throwing
  2879 | D:4      | Reached skill level 1 in Evocations
  2884 | D:4      | Reached skill level 1 in Invocations
  2901 | D:4      | Learned a level 3 spell: Regeneration
  2929 | D:4      | Reached XP level 6. HP: 44/51 MP: 8/13
  2975 | D:4      | Reached skill level 1 in Ice Magic
  2981 | D:4      | Reached skill level 1 in Hexes
  3088 | D:4      | Found an opulent altar of Gozag.
  3242 | D:5      | Entered Level 5 of the Dungeon
  3262 | D:5      | Learned a level 3 spell: Spectral Weapon
  3289 | D:5      | Slain by an ogre

Vault maps used:
D:1:      dpeg_arrival_pond, serial_park_tiny_2
D:2:      minmay_strange_pillars, kennysheep_another_room,
          minmay_misc_feat_pillars, st_stairs_3
D:3:      chequers_ecumenical_altar_island, first_bread
D:4:      grunt_gozag_breadcrumbs, serial_shops, shop
D:5:      minmay_temple_entry_statues_pillars, basic_altar, kennysheep_potato

Skill      XL: |  1  2  3  4  5  6 |
---------------+-------------------+-----
Short Blades   | 1 2 |  2.0
Earth Magic    | 1 2 |  2.0
Translocations | 1 2 |  2.8
Spellcasting   | 5 |  5.2
Necromancy     | 1 2 |  2.3
Conjurations   | 1 |  1.7
Polearms       | 1 2 |  2.0
Staves         | 1 |  1.7
Fighting       | 5 |  5.3
Charms         | 7 |  7.1
Air Magic      | 2 |  2.3
Shields        | 1 2 3 |  3.1
Long Blades    | 1 2 |  2.3
Poison Magic   | 1 |  1.3
Axes           | 1 |  1.3
Transmutations | 2 |  2.6
Throwing       | 2 |  2.3
Evocations     | 1 |  1.7
Invocations    | 1 |  1.3
Ice Magic      | 1 |  1.3
Armour         | 3 |  3.1
Hexes          | 1 |  1.3
Maces & Flails | |  4.7
Slings         | |  0.8
Bows           | |  0.8
Dodging        | |  4.5
Stealth        | |  0.8
Summonings     | |  0.8
Fire Magic     | |  0.8

Action                   |  1- 3 |  4- 6 || total
-------------------------+-------+-------++-------
Melee: Mace              |    94 |    62 ||   156
       Bite              |    10 |     8 ||    18
       Dagger            |       |    54 ||    54
 Fire: Shortbow          |     6 |     1 ||     7
 Cast: Infusion          |     4 |     6 ||    10
       Shroud of Golubri |     2 |     6 ||     8
       Song of Slaying   |     1 |     1 ||     2
       Regeneration      |       |     1 ||     1
  Use: Potion            |     2 |       ||     2
 Stab: Sleeping          |     1 |     3 ||     4
  Eat: Chunk             |     2 |     5 ||     7
       Fruit             |       |     1 ||     1
Armor: Leather armour    |    19 |    28 ||    47
Dodge: Dodged            |    99 |    77 ||   176

Table legend:
 A = Spawn XP
 B = Non-spawn XP
 C = Spawn XP percentage of total XP
 D = Spawn monster count
 E = Non-spawn monster count
 F = Spawn count percentage of total count
 G = Total turns spent on level
                    A         B        C        D         E        F      G
               +---------+---------+-------+---------+---------+-------+---------
         Total |       0 |     378 |   0.0 |       0 |      71 |   0.0 |  3289
               +---------+---------+-------+---------+---------+-------+---------
           D:1 |       0 |      25 |   0.0 |       0 |      11 |   0.0 |  1081
           D:2 |       0 |     106 |   0.0 |       0 |      30 |   0.0 |  1023
           D:3 |       0 |      51 |   0.0 |       0 |      16 |   0.0 |   639
           D:4 |       0 |     194 |   0.0 |       0 |      13 |   0.0 |   499
           D:5 |       0 |       2 |   0.0 |       0 |       1 |   0.0 |    47
               +---------+---------+-------+---------+---------+-------+---------
